 Dungeon Crawl Stone Soup version 0.24.0-1-gfbc8707 (webtiles) character file.

Game seed: 6544894721907863874, levelgen mode: deterministic

4086 shmeve the Cleaver (level 10, -4/93 HPs)
             Began as a Minotaur Berserker on Nov 5, 2019.
             Was a High Priest of Trog.
             Slain by a wolf (8 damage)
             ... on level 8 of the Dungeon.
             The game lasted 00:11:44 (8440 turns).

shmeve the Cleaver (Minotaur Berserker)             Turns: 8440, Time: 00:11:44

Health: -4/93      AC: 15    Str: 23    XL:     10   Next: 5%
Magic:  9/9        EV:  9    Int:  5    God:    Trog [*****.]
Gold:   392        SH:  0    Dex: 11    Spells: 9/9 levels left

rFire    . . .     SeeInvis .   C - +0 battleaxe
rCold    . . .     Gourm    .   (shield currently unavailable)
rNeg     . . .     Faith    .   w - +0 plate armour
rPois    .         Spirit   .   (helmet restricted)
rElec    .         Reflect  .   u - +0 cloak
rCorr    .         Harm     .   y - +0 pair of gloves
MR       .....                  (no boots)
Stlth    ..........             (no amulet)
HPRegen  0.25/turn              (no ring)
MPRegen  0.11/turn              (no ring)

@: berserk cooldown, slowed, studying Throwing, very slow
A: retaliatory headbutt, horns 2
a: Berserk, Trog's Hand, Brothers in Arms, Renounce Religion


You were on level 8 of the Dungeon.
You worshipped Trog.
Trog was extremely pleased with you.
You were very hungry.

You visited 1 branch of the dungeon, and saw 8 of its levels.

You collected 392 gold pieces.

Inventory:

Hand Weapons
 s - a +0 war axe
 C - a +0 battleaxe (weapon)
Missiles
 t - 6 javelins
 v - 5 silver boomerangs (quivered)
Armour
 u - a +0 cloak (worn)
 w - a +0 plate armour (worn)
 y - a +0 pair of gloves (worn)
Jewellery
 q - an uncursed ring of see invisible {unknown}
 B - an uncursed amulet of the acrobat {unknown}
Wands
 n - a wand of digging (4)
Scrolls
 a - a scroll of noise {unknown}
 e - 5 scrolls of identify
 g - 4 scrolls of teleportation {unknown}
 h - 3 scrolls of magic mapping
 m - a scroll of enchant weapon {unknown}
 p - a scroll of fear
 r - 2 scrolls of remove curse
 D - a scroll of acquirement {unknown}
Potions
 b - a potion of cancellation {unknown}
 d - a potion of agility {unknown}
 f - 2 potions of lignification {unknown}
 i - 2 potions of curing {unknown}
 j - a potion of experience {unknown}
 k - a potion of heal wounds {unknown}
 l - a potion of haste {unknown}
 o - 4 potions of brilliance {unknown}
 x - 2 potions of degeneration {unknown}
 E - a potion of magic {unknown}
Books
 A - a manual of Throwing
Comestibles
 c - 9 rations


   Skills:
 * Level 10.0 Fighting
 * Level 10.0 Axes
 + Level 6.5 Throwing
 + Level 6.9 Armour
 + Level 6.4 Dodging


You had 9 spell levels left.
You didn't know any spells.
Your spell library was empty.

Dungeon Overview and Level Annotations

Branches:
Dungeon (8/15)             Temple (0/1) D:7            Lair (0/6) D:8

Altars:
Dithmenos
Fedhas
Gozag
Kikubaaqudgha
The Shining One

Shops:
D:4 }   D:7 (

Annotations:
D:6 1 runed translucent door


Innate Abilities, Weirdness & Mutations

You reflexively headbutt those who attack you in melee.
You have a pair of horns on your head.


Message History

The porcupine bites you but does no damage.
The wolf bites you but does no damage.
The basilisk bites you but does no damage.
The porcupine barely misses you.
You hit the porcupine but do no damage.
The porcupine is lightly wounded.
You slash the basilisk!
Your plate armour prevents you from hitting the wolf.
The wolf bites you but does no damage. The wolf barely misses you.
The basilisk bites you!
* * * LOW HITPOINT WARNING * * *
The porcupine bites you but does no damage.
The wolf barely misses you. You furiously retaliate!
You headbutt the wolf.
The basilisk bites you but does no damage.
The porcupine bites you!
* * * LOW HITPOINT WARNING * * *
The wolf bites you but does no damage.
Unknown command.
You fail to use your ability.
The wolf bites you!
You die...

#.# #.##.# #.#
#.##.# ... ..##.#
#.# ####.# #.# #.#
##.########.# .##
#....(......#
..P..##†###########
.P..gth@# .....grl#
......gll
.......g..
...P..P....
PP..PP.....#
..>...P..P.#
..PP........


You could see 2 basilisks, a crocodile, a wolf, an iguana, a porcupine and 4
gnolls.

Vanquished Creatures
  A troll (D:7)
  Sigmund (D:5)
  A basilisk (D:8)
  A wyvern (D:7)
  A hungry ghost (D:7)
  A porcupine (D:8)
  2 black bears
  A sky beast (D:7)
  An ice beast (D:7)
  3 ogres
  5 centaurs
  2 wolves (D:8)
  A big kobold (D:7)
  A bullfrog (D:7)
  A gnoll sergeant (D:8)
  A wyvern skeleton (D:7)
  3 scorpions
  10 killer bees
  A water moccasin skeleton (D:4)
  4 wights (D:7)
  A jelly (D:7)
  A bullfrog zombie (D:6)
  4 hounds
  2 orc wizards
  A gnoll shaman (D:4)
  2 orc priests (D:4)
  2 centaur skeletons
  Ijyb (D:3)
  An iguana (D:5)
  10 worker ants
  8 gnolls
  13 adders
  2 shadow imps
  An ooze (D:3)
  2 adder skeletons (D:4)
  2 adder zombies (D:7)
  2 worms
  5 dart slugs
  4 leopard geckos
  12 orcs
  5 giant cockroaches
  13 goblins
  5 hobgoblins
  10 jackals
  10 kobolds
  5 ball pythons
  8 bats
  5 frilled lizards
  A jackal skeleton (D:4)
  A leopard gecko zombie (D:6)
  A quokka zombie (D:8)
  10 rats
  A butterfly (D:6)
193 creatures vanquished.

Notes
Turn   | Place    | Note
-------+----------+-------------------------------------------
     0 | D:1      | shmeve the Minotaur Berserker began the quest for the Orb.
     0 | D:1      | Reached XP level 1. HP: 19/19 MP: 0/0
   219 | D:1      | Reached XP level 2. HP: 23/27 MP: 1/1
  1091 | D:2      | Reached skill level 1 in Throwing
  1091 | D:2      | Reached XP level 3. HP: 33/33 MP: 2/2
  1202 | D:2      | Found a blossoming altar of Fedhas.
  1463 | D:2      | Reached ** piety under Trog
  1487 | D:2      | Reached XP level 4. HP: 40/40 MP: 3/3
  1933 | D:3      | Found an ancient bone altar of Kikubaaqudgha.
  1963 | D:3      | Found a glowing golden altar of the Shining One.
  2058 | D:3      | Noticed Ijyb
  2071 | D:3      | Killed Ijyb
  2071 | D:3      | Reached XP level 5. HP: 47/47 MP: 4/4
  2351 | D:3      | Reached skill level 5 in Axes
  2359 | D:3      | Reached skill level 5 in Fighting
  3015 | D:4      | Noticed an ogre
  3020 | D:4      | Killed an ogre
  3020 | D:4      | Reached XP level 6. HP: 47/56 MP: 5/5
  3163 | D:4      | Reached *** piety under Trog
  3347 | D:4      | Found Qonlighiega's Gadget Boutique.
  3850 | D:4      | Reached XP level 7. HP: 62/62 MP: 6/6
  4258 | D:5      | Entered Level 5 of the Dungeon
  4320 | D:5      | Noticed Sigmund
  4326 | D:5      | Killed Sigmund
  4464 | D:5      | Reached XP level 8. HP: 10/71 MP: 7/7
  5129 | D:6      | Found a runed translucent door.
  5145 | D:6      | Found a runed translucent door.
  5287 | D:6      | Reached skill level 5 in Armour
  5301 | D:6      | Reached **** piety under Trog
  5578 | D:6      | Reached skill level 5 in Dodging
  6093 | D:6      | Found a shadowy altar of Dithmenos.
  6093 | D:6      | Found an opulent altar of Gozag.
  6309 | D:7      | Found Olaeniaf's Weapon Shoppe.
  6457 | D:7      | Reached XP level 9. HP: 56/82 MP: 8/8
  6990 | D:7      | Reached skill level 5 in Throwing
  7047 | D:7      | Noticed a troll
  7054 | D:7      | Killed a troll
  7267 | D:7      | Found a staircase to the Ecumenical Temple.
  8013 | D:8      | Reached ***** piety under Trog
  8413 | D:8      | Found a staircase to the Lair.
  8430 | D:8      | Reached XP level 10. HP: 53/93 MP: 9/9
  8438 | D:8      | Reached skill level 10 in Fighting
  8438 | D:8      | Reached skill level 10 in Axes
  8439 | D:8      | HP: 4/93 [porcupine (8)]
  8440 | D:8      | Slain by a wolf

Levels and vault maps discovered:
D:1:      dpeg_arrival_rhombus, layout_loops_corners
D:2:      layout_loops_cross, fedhas_altar_2
D:3:      minmay_spotlight, layout_rooms, kiku_gazebo_garden_becter,
          st_stairs_8, tso_metal_star, uniq_ijyb
D:4:      layout_gridville, serial_shops, shop, minmay_misc_feat_roman,
          minmay_vboxes
D:5:      layout_rooms, first_ration, uniq_sigmund
D:6:      lemuel_insect_pit, layout_loops_corners,
          gammafunk_temple_overflow_elements, minmay_manual_mares
D:7:      layout_layer_cave, minmay_temple_entry_glassed_door, serial_shops,
          shop
D:8:      layout_loops_ring, minmay_lair_entry_grove, enter_bailey_2,
          serial_shops, nicolae_shop_waterfront, david_nohive_1

Skill      XL: |  1  2  3  4  5  6  7  8  9 10 |
---------------+-------------------------------+-----
Axes           | 4 5 6 8 9 10 | 10.0
Fighting       | 4 5 6 8 9 10 | 10.0
Throwing       | 1 2 3 4 6 |  6.5
Armour         | 3 4 5 6 |  6.9
Dodging        | 3 4 5 6 |  6.4

Action                   |  1- 3 |  4- 6 |  7- 9 | 10-12 || total
-------------------------+-------+-------+-------+-------++-------
Melee: Hand axe          |    63 |   131 |     2 |       ||   196
       Headbutt          |     9 |    24 |    46 |       ||    79
       War axe           |       |       |   120 |       ||   120
       Battleaxe         |       |       |   114 |     2 ||   116
Throw: Boomerang         |       |       |    13 |       ||    13
       Javelin           |       |       |     1 |       ||     1
Invok: Berserk           |       |     3 |     6 |       ||     9
       Trog's Hand       |       |       |     1 |       ||     1
  Use: Scroll            |       |     6 |       |       ||     6
  Eat: Chunk             |     2 |     9 |    12 |       ||    23
       Ration            |       |       |     3 |       ||     3
Armor: Animal skin       |    12 |    13 |       |       ||    25
       Chain mail        |       |    23 |    27 |       ||    50
       Plate armour      |       |       |   215 |    36 ||   251
Dodge: Dodged            |    37 |    78 |   170 |    11 ||   296
